 Dungeon Crawl Stone Soup version 0.31.0-9-g3a7656b989 (console) character file.

Game seed: 2173729311241147353

821 Ignak the Gusty (level 7, -2/51 HPs)
             Began as a Gnoll Air Elementalist on Jan 31, 2024.
             Was a Follower of Sif Muna.
             Slain by a two-headed ogre
             ... wielding a +0 giant spiked club
              (30 damage)
             ... on level 6 of the Dungeon.
             The game lasted 00:13:21 (5426 turns).

Ignak the Gusty (Gnoll Air Elementalist)            Turns: 5426, Time: 00:13:23

Health: -2/51      AC:  3    Str:  7    XL:     7   Next: 95%
Magic:  18/24      EV: 14    Int: 17    God:    Sif Muna [*.....]
Gold:   199        SH:  0    Dex: 12    Spells: 2/17 levels left

rFire   + + .        D - +7 great mace {flame, immolate, rFlCloud rF++}
rCold   . . .        (shield currently unavailable)
rNeg    . . .        h - +0 robe
rPois   .            (no helmet)
rElec   .            l - +0 cloak
rCorr   .            (no gloves)
SInv    .            (no boots)
Will    .....        (no amulet)
Stlth   +++          r - ring of magical power
HPRegen 0.28/turn    E - ring of wizardry
MPRegen 0.19/turn

%: wizardry (x1)
@: swift, very quick
A: fangs 1, strong nose, distributed training
a: Renounce Religion, Channel Magic


You were on level 6 of the Dungeon.
You worshipped Sif Muna.
Sif Muna was aware of your devotion.
You visited 2 branches of the dungeon, and saw 7 of its levels.

You collected 1605 gold pieces.
You spent 1406 gold pieces at shops.

Inventory:

Hand Weapons
 D - the +7 great mace "Firestarter" (weapon) {flame, immolate, rFlCloud rF++}
   (You bought it in a shop on level 6 of the Dungeon)

   rFlCloud:  It grants immunity to clouds of flame.
   rF++:      It greatly protects you from fire.
Armour
 a - a scarf of shadows
 h - a +0 robe (worn)
 l - a +0 cloak (worn)
Jewellery
 i - an amulet of faith
 r - a ring of magical power (left hand)
 E - a ring of wizardry (right hand)
Wands
 m - a wand of roots (8)
 A - a wand of quicksilver (12)
Scrolls
 c - a scroll of blinking {unknown}
 d - 2 scrolls of teleportation
 g - a scroll of poison
 n - 3 scrolls of vulnerability
 o - a scroll of fog
 p - a scroll of butterflies
 v - a scroll of amnesia
 x - a scroll of immolation
 y - 2 scrolls of enchant weapon {unknown}
 B - a scroll of revelation {unknown}
 F - 2 scrolls of identify
Potions
 b - a potion of haste {unknown}
 e - 2 potions of curing
 f - a potion of attraction {unknown}
 j - a potion of might {unknown}
 k - 3 potions of brilliance {unknown}
 q - a potion of mutation {unknown}
 s - a potion of magic
 t - a potion of lignification {unknown}
 z - a potion of degeneration {unknown}
 C - a potion of heal wounds {unknown}


   Skills:
 + Level 2.9 Fighting
 + Level 2.9 Short Blades
 + Level 2.9 Long Blades
 + Level 2.9 Axes
 + Level 2.9 Maces & Flails
 + Level 2.9 Polearms
 + Level 2.9 Staves
 + Level 2.9 Ranged Weapons
 + Level 2.9 Throwing
 + Level 2.9 Armour
 + Level 5.5 Dodging
 + Level 5.1 Stealth
 + Level 2.9 Shields
 + Level 2.9 Unarmed Combat
 + Level 5.8 Spellcasting
 + Level 3.2 Conjurations
 + Level 2.3 Hexes
 + Level 2.3 Summonings
 + Level 2.3 Necromancy
 + Level 2.3 Translocations
 + Level 2.3 Fire Magic
 + Level 2.3 Ice Magic
 + Level 6.0 Air Magic
 + Level 2.3 Earth Magic
 + Level 2.3 Alchemy
 + Level 3.2 Invocations
 + Level 2.9 Evocations
 + Level 2.6 Shapeshifting


You had 2 spell levels left.
You knew the following spells:

 Your Spells              Type           Power      Damage    Failure   Level
a - Shock                 Conj/Air       80%        1d8       1%          1
b - Swiftness             Air            25%        N/A       1%          3
c - Airstrike             Air            12%        2d(2-18)  4%          4
e - Summon Ice Beast      Ice/Summ       13%        N/A       6%          3
f - Searing Ray           Conj           32%        2d5       2%          2
z - Static Discharge      Conj/Air       40%        3-5/arc   1%          2

Your spell library contained the following spells:

 Spells                   Type           Power      Damage    Failure   Level
 Kiss of Death            Conj/Necr      56%        2d9       1%          1
 Magic Dart               Conj           64%        1d6       1%          1
 Confusing Touch          Hex            13%        N/A       6%          3
 Volatile Blastmotes      Fire/Tloc      26%        2d12      6%          3
 Fulminant Prism          Conj/Alch      7%         3d7       16%         4
 Iskenderun's Mystic Bla  Conj/Tloc      14%        2d5       16%         4
 Dispel Undead            Necr           13%        3d9       19%         4
 Manifold Assault         Tloc           13%        N/A       19%         4
 Summon Mana Viper        Hex/Summ       13%        N/A       45%         5
 Dispersal                Tloc           6%         N/A       95%         6
 Monstrous Menagerie      Summ           6%         N/A       100%        7
 Disjunction              Tloc           6%         N/A       100%        8


Dungeon Overview and Level Annotations

Branches:
Dungeon (6/15)             Temple (1/1) D:4

Altars:
Cheibriados
Elyvilon
Gozag
Kikubaaqudgha
Nemelex Xobeh
Ru
Sif Muna
Trog
Xom
Yredelemnul

Shops:
D:6 **


Innate Abilities, Weirdness & Mutations

You have very sharp teeth.
Your uncanny sense of smell can sniff out nearby items.
Your experience applies equally to all skills.


Message History

Aiming: Searing Ray (safe; 2% risk of failure)
Press: ? - help, Shift-Dir - straight line, f - you
Okay, then.
Unknown command.
Casting: Searing Ray (safe; 2% risk of failure)
Confirm with . or Enter, or press ? or * to list all spells.
Aiming: Shock (safe; 1% risk of failure)
Press: ? - help, Shift-Dir - straight line, f - two-headed ogre
Aim: a two-headed ogre, wielding a +0 giant spiked club and a +0 giant club (asleep, 100% to hit)
Okay, then.
Unknown command.
Casting: Shock (safe; 1% risk of failure)
Confirm with . or Enter, or press ? or * to list all spells.
Okay, then.
Casting: Shock (safe; 1% risk of failure)
Confirm with . or Enter, or press ? or * to list all spells.
Aiming: Searing Ray (safe; 2% risk of failure)
Press: ? - help, Shift-Dir - straight line, f - two-headed ogre
Aim: a two-headed ogre, wielding a +0 giant spiked club and a +0 giant club (asleep, 100% to hit)
The searing ray hits the two-headed ogre!
The two-headed ogre is lightly wounded.
The two-headed ogre shouts in stereo! (Press . to maintain the ray.)
The searing ray hits the two-headed ogre.
The two-headed ogre is moderately wounded.
The searing ray hits the two-headed ogre!
The two-headed ogre is moderately wounded.
You sock the two-headed ogre! You burn the two-headed ogre.
The two-headed ogre is filled with an inner flame.
You bite the two-headed ogre, but do no damage.
The two-headed ogre is severely wounded.
The two-headed ogre hits you with a +0 giant spiked club!!
The two-headed ogre barely misses you.
Casting: Searing Ray (safe; 2% risk of failure)
Confirm with . or Enter, or press ? or * to list all spells.
You feel quick.
The two-headed ogre's inner flame fades away.
The two-headed ogre hits you with a +0 giant spiked club!!
Ouch! That really hurt!
You die...

#.#####.#...
#.#≈∩≈#.....
#......##.>.
#....).#.... #
##.....#.#.. #.
##≈∩≈##.#.. ∆ ..
######.###
.##.#.#### #.#
......O@.# #.#
########.# #.#
#.# #.# #.# #.
#.# #.# #.# #.#
..#########.#
#.# #.#
............#
#.# #.#
#..###.#########
#.# #.#
#.............#
#.# #.#


You could see a two-headed ogre.

Vanquished Creatures
  A centaur (D:6)
  Blork the orc (D:4)
  A bullfrog (D:6)
  A bombardier beetle (D:5)
  3 orc priests
  A sleepcap (D:6)
  3 iguanas
  6 orc wizards
  8 adders
  2 dart slugs
  26 orcs
  6 bats
  6 endoplasms
  3 giant cockroaches
  8 goblins
  6 hobgoblins
  4 kobolds
  6 quokkas
  3 ball pythons
  6 frilled lizards
  3 rats
104 creatures vanquished.

Vanquished Creatures (collateral kills)
  A scorpion (D:5)
1 creature vanquished.

Grand Total: 105 creatures vanquished

Notes
Turn   | Place    | Note
-------+----------+-------------------------------------------
     0 | D:1      | Ignak the Gnoll Air Elementalist began the quest for the
                  | Orb.
     0 | D:1      | Reached XP level 1. HP: 13/13 MP: 6/6
   128 | D:1      | Reached XP level 2. HP: 18/20 MP: 3/7
  1033 | D:2      | Reached skill level 5 in Spellcasting
  1033 | D:2      | Reached XP level 3. HP: 25/25 MP: 5/9
  1039 | D:2      | Learned a level 2 spell: Static Discharge
  1043 | D:2      | Learned a level 3 spell: Swiftness
  1345 | D:2      | Reached skill level 1 in Invocations
  1417 | D:2      | Reached skill level 1 in Fighting
  1417 | D:2      | Reached skill level 1 in Short Blades
  1417 | D:2      | Reached skill level 1 in Long Blades
  1417 | D:2      | Reached skill level 1 in Axes
  1417 | D:2      | Reached skill level 1 in Maces & Flails
  1417 | D:2      | Reached skill level 1 in Polearms
  1417 | D:2      | Reached skill level 1 in Staves
  1417 | D:2      | Reached skill level 1 in Ranged Weapons
  1417 | D:2      | Reached skill level 1 in Throwing
  1417 | D:2      | Reached skill level 1 in Armour
  1417 | D:2      | Reached skill level 1 in Shields
  1417 | D:2      | Reached skill level 1 in Unarmed Combat
  1417 | D:2      | Reached skill level 1 in Evocations
  1478 | D:2      | Identified a scroll of acquirement
  1532 | D:3      | Reached skill level 1 in Shapeshifting
  1532 | D:3      | Reached XP level 4. HP: 23/32 MP: 6/11
  1788 | D:3      | Reached skill level 1 in Hexes
  1788 | D:3      | Reached skill level 1 in Summonings
  1788 | D:3      | Reached skill level 1 in Necromancy
  1788 | D:3      | Reached skill level 1 in Translocations
  1788 | D:3      | Reached skill level 1 in Fire Magic
  1788 | D:3      | Reached skill level 1 in Ice Magic
  1788 | D:3      | Reached skill level 1 in Earth Magic
  1788 | D:3      | Reached skill level 1 in Alchemy
  1803 | D:3      | Reached XP level 5. HP: 2/37 MP: 2/12
  2763 | D:4      | Noticed Blork the orc
  2770 | D:4      | Killed Blork the orc
  2771 | D:4      | Reached XP level 6. HP: 3/44 MP: 13/13
  2771 | D:4      | HP: 1/44 [/static electricity (2)]
  2953 | D:4      | Found a staircase to the Ecumenical Temple.
  2965 | Temple   | Entered the Ecumenical Temple
  2983 | Temple   | Became a worshipper of Sif Muna the Loreminder
  3036 | Temple   | Acquired 1289 gold pieces
  3061 | D:4      | Reached skill level 5 in Dodging
  3528 | D:4      | Found a bloodstained altar of Trog.
  3804 | D:4      | Reached * piety under Sif Muna
  3818 | D:4      | Reached XP level 7. HP: 48/51 MP: 15/15
  4015 | D:5      | Entered Level 5 of the Dungeon
  4022 | D:5      | Learned a level 4 spell: Airstrike
  4342 | D:5      | Learned a level 3 spell: Summon Ice Beast
  4804 | D:6      | Reached skill level 5 in Stealth
  5106 | D:6      | Found Cirrutz's Specific Store.
  5108 | D:6      | Found Xuquanwa's General Store.
  5128 | D:6      | Bought the +7 great mace "Firestarter" {flame, immolate,
                  | rFlCloud rF++} for 925 gold pieces
  5128 | D:6      | Found the +7 great mace "Firestarter" {flame, immolate,
                  | rFlCloud rF++}
  5128 | D:6      | Bought a ring of wizardry for 390 gold pieces
  5128 | D:6      | Bought a scroll of identify for 26 gold pieces
  5128 | D:6      | Bought a scroll of identify for 26 gold pieces
  5128 | D:6      | Bought a potion of curing for 39 gold pieces
  5166 | D:6      | Reached skill level 6 in Air Magic
  5395 | D:6      | Learned a level 2 spell: Searing Ray
  5419 | D:6      | Noticed a two-headed ogre
  5426 | D:6      | Slain by a two-headed ogre

Illustrated notes

Levels and vault maps discovered:
D:1:      dpeg_arrival_rooms_b, layout_loops_ring
D:2:      layout_basic, hangedman_decor_push
D:3:      layout_basic
D:4:      layout_loops_ring, trog_butcher_becter, minmay_temple_entry_overgrown,
          minmay_misc_feat_diagonals, uniq_blork_the_orc
D:5:      layout_loops_ring
D:6:      layout_loops_ring, beargit_hepliaklqana_dungeon_heroes,
          vehumet_statue, nicolae_specific_store
Temple:   nicolae_temple_figure_zero

Skill      XL: |  1  2  3  4  5  6  7 |
---------------+----------------------+-----
Conjurations   | 2 3 |  3.2
Spellcasting   | 5 |  5.8
Invocations    | 1 2 3 |  3.2
Fighting       | 1 2 |  2.9
Short Blades   | 1 2 |  2.9
Long Blades    | 1 2 |  2.9
Axes           | 1 2 |  2.9
Maces & Flails | 1 2 |  2.9
Polearms       | 1 2 |  2.9
Staves         | 1 2 |  2.9
Ranged Weapons | 1 2 |  2.9
Throwing       | 1 2 |  2.9
Armour         | 1 2 |  2.9
Shields        | 1 2 |  2.9
Unarmed Combat | 1 2 |  2.9
Evocations     | 1 2 |  2.9
Shapeshifting  | 1 2 |  2.6
Hexes          | 1 2 |  2.3
Summonings     | 1 2 |  2.3
Necromancy     | 1 2 |  2.3
Translocations | 1 2 |  2.3
Fire Magic     | 1 2 |  2.3
Ice Magic      | 1 2 |  2.3
Earth Magic    | 1 2 |  2.3
Alchemy        | 1 2 |  2.3
Dodging        | 5 |  5.5
Stealth        | 5 |  5.1
Air Magic      | 6 |  6.0

Action                     |  1- 3 |  4- 6 |  7- 9 || total
---------------------------+-------+-------+-------++-------
  Melee: Unarmed           |     4 |       |       ||     4
         Bite              |     2 |     7 |     5 ||    14
         Hand axe          |    21 |    11 |       ||    32
         Dagger            |       |    54 |    43 ||    97
         Great mace        |       |       |     5 ||     5
         Punch             |       |       |     3 ||     3
   Cast: Shock             |    50 |    68 |     9 ||   127
         Static Discharge  |       |     5 |    11 ||    16
         Swiftness         |       |     1 |     1 ||     2
         Summon Ice Beast  |       |       |     1 ||     1
         Airstrike         |       |       |     1 ||     1
         Searing Ray       |       |       |     1 ||     1
    Use: Scroll            |     4 |     2 |     3 ||     9
   Stab: Sleeping          |     3 |     6 |     1 ||    10
 Armour: Robe              |    21 |    57 |    49 ||   127
  Dodge: Dodged            |    28 |    54 |    27 ||   109
